 Dungeon Sprint DCSS version 0.23.2 (webtiles) character file.

Game seed: 17260366883303359668

3854 nuthulu the Ninja (level 9, -2/58 HPs)
             Began as a Vampire Enchanter on Apr 2, 2019.
             Was a Believer of Dithmenos.
             Slain by a demonic crawler (4 damage)
             ... in the Dungeon (Sprint I: "Red Sonja").
             The game lasted 00:03:39 (735 turns).

nuthulu the Ninja (Vampire Enchanter)                Turns: 735, Time: 00:03:39

Health: -2/58      AC:  3    Str:  7    XL:     9   Next: 99%
Magic:  22/27      EV: 14    Int: 17    God:    Dithmenos [**....]
Gold:   680        SH:  0    Dex: 18    Spells: 8/20 levels left

rFire    . . .     SeeInvis +   a - +1 dagger
rCold    . . .     Gourm    .   (no shield)
rNeg     + . .     Faith    .   b - +0 robe
rPois    .         Spirit   .   (no helmet)
rElec    .         Reflect  .   (no cloak)
rCorr    .         Harm     .   m - +0 pair of gloves
MR       .....     NoTele   +   (no boots)
Stlth    ++++++++++             (no amulet)
HPRegen  0.19/turn              i - ring of magical power
MPRegen  0.20/turn              (no ring)

@: wreathed by umbra
A: fangs 3, see invisible, unbreathing
a: Bat Form, Shadow Step, Renounce Religion


You were in the Dungeon.
You worshipped Dithmenos.
Dithmenos was pleased with you.
You were not thirsty.

You visited 1 branch You collected 738 gold pieces.
You spent 58 gold pieces at shops.

Inventory:

Hand Weapons
 a - a +1 dagger (weapon)
 n - a +0 blowgun
Missiles
 o - 5 curare-tipped needles
Armour
 b - a +0 robe (worn)
 m - a +0 pair of gloves (worn)
Jewellery
 i - a ring of magical power (left hand)
Wands
 c - a wand of flame (17)
Scrolls
 j - a scroll of blinking
 k - a scroll of identify {unknown}
 l - a scroll of remove curse {unknown}
Potions
 d - 7 potions of blood
 e - a potion of curing
 f - 2 potions of heal wounds
 g - a potion of haste
 h - 2 potions of magic


   Skills:
 - Level 0.3 Fighting
 + Level 3.4 Short Blades
 + Level 4.0 Dodging
 O Level 27 Stealth
 - Level 6.4 Spellcasting
 - Level 11.3 Hexes


You had 8 spell levels left.
You knew the following spells:

 Your Spells              Type           Power        Failure   Level  Hunger
a - Corona                Hex            #####..      1%          1    None
b - Ensorcelled Hibernat  Hex/Ice        ###...       1%          2    None
c - Confuse               Hex            #####...     1%          3    ##.....
d - Tukima's Dance        Hex            #####...     1%          3    ##.....
e - Dazzling Spray        Conj/Hex       ###...       3%          3    ##.....

Your spell library contained the following spells:

 Spells                   Type           Power        Failure   Level  Hunger


Dungeon Overview and Level Annotations

Branches:
Dungeon (1/1)

Altars:
Cheibriados
Dithmenos
Elyvilon
Fedhas
Gozag
Hepliaklqana
Kikubaaqudgha
Makhleb
Nemelex Xobeh
Okawaru
Qazlal
Ru
Sif Muna
Trog
Uskayaw
Vehumet
Wu Jian
Xom
Yredelemnul
Zin
The Shining One
Jiyva
Lugonu

Shops:
D }[

Annotations:
D exclusion: oklob plant


Innate Abilities, Weirdness & Mutations

You have razor-sharp teeth.
You have supernaturally acute eyesight. (SInv)
You can survive without breathing.


Message History

The demonic crawler hits you. The demonic crawler barely misses you.
You catch the helpless demonic crawler completely off-guard!
You spit the demonic crawler like a pig!!!
The demonic crawler is almost dead.
The demonic crawler hits you!
* * * LOW HITPOINT WARNING * * *
The demonic crawler barely misses you. x2
You hit the demonic crawler but do no damage.
The demonic crawler is almost dead.
You hit the demonic crawler but do no damage.
The demonic crawler is almost dead.
The demonic crawler barely misses you. The demonic crawler hits you.
* * * LOW HITPOINT WARNING * * *
The demonic crawler hits you but does no damage.
The demonic crawler hits you!
* * * LOW HITPOINT WARNING * * *
The demonic crawler hits you.
* * * LOW HITPOINT WARNING * * *
The demonic crawler hits you.
You die...

###################
..#.)'..#__#..'..)#
.)'..#..'..'..#.@s##+#
#'#####'#__####).ss..#
..#...#)####§)#####s.+
###..##§#≈≈≈§)#§.# ##
__##'#_.'§§§§§'§.#
...'..._#§§§§)#§.#
__##_.#'##§#####+#
__###+#[#§(%.###P+
#####.####'###[###


You could see 4 demonic crawlers.

Vanquished Creatures
  2 centaur warriors (D)
  Sonja (D)
  A deep troll (D)
  2 kobold demonologists (D)
  A hornet (D)
  A slime creature (D)
  Sigmund (D)
  A yak (D)
  A floating eye (D)
  An ogre (D)
  A jelly (D)
  Ijyb (D)
14 creatures vanquished.

Vanquished Creatures (others)
  A gargoyle (D)
1 creature vanquished.

Grand Total: 15 creatures vanquished

Notes
Turn   | Place    | Note
-------+----------+-------------------------------------------
     0 | D        | nuthulu the Vampire Enchanter began the quest for the Orb.
     0 | D        | Reached XP level 1. HP: 13/13 MP: 3/3
     1 | D        | Noticed Ijyb
    13 | D        | Killed Ijyb
    13 | D        | Reached skill level 6 in Stealth
    13 | D        | Reached XP level 2. HP: 16/20 MP: 1/5
    90 | D        | Killed a gargoyle
   264 | D        | Learned a level 2 spell: Ensorcelled Hibernation
   268 | D        | Noticed an ogre
   270 | D        | Killed an ogre
   270 | D        | Reached skill level 9 in Stealth
   270 | D        | Reached XP level 3. HP: 25/25 MP: 6/9
   270 | D        | Reached XP level 4. HP: 31/31 MP: 6/10
   275 | D        | Learned a level 3 spell: Confuse
   279 | D        | Learned a level 3 spell: Tukima's Dance
   310 | D        | Noticed Sigmund
   313 | D        | Killed Sigmund
   313 | D        | Reached skill level 11 in Stealth
   313 | D        | Reached XP level 5. HP: 36/36 MP: 10/13
   318 | D        | Learned a level 3 spell: Dazzling Spray
   346 | D        | Found an ornate altar of the Wu Jian Council.
   346 | D        | Found a deep blue altar of Sif Muna.
   348 | D        | Found a radiant altar of Vehumet.
   352 | D        | Reached skill level 12 in Stealth
   352 | D        | Reached XP level 6. HP: 42/42 MP: 15/15
   368 | D        | Found Ciwkojee's Gadget Emporium.
   368 | D        | Found an ancient bone altar of Kikubaaqudgha.
   368 | D        | Found a hazy altar of Hepliaklqana.
   368 | D        | Found a hide-covered altar of Uskayaw.
   368 | D        | Found a basalt altar of Yredelemnul.
   368 | D        | Found an opulent altar of Gozag.
   368 | D        | Found a snail-covered altar of Cheibriados.
   368 | D        | Found a sacrificial altar of Ru.
   368 | D        | Found a shadowy altar of Dithmenos.
   368 | D        | Noticed a yak
   369 | D        | Found a stormy altar of Qazlal.
   369 | D        | Found a blossoming altar of Fedhas.
   369 | D        | Found a bloodstained altar of Trog.
   369 | D        | Found an iron altar of Okawaru.
   369 | D        | Found a glowing golden altar of the Shining One.
   369 | D        | Found a glowing silver altar of Zin.
   369 | D        | Found a white marble altar of Elyvilon.
   370 | D        | Killed a yak
   370 | D        | Reached skill level 15 in Stealth
   371 | D        | Found a sparkling altar of Nemelex Xobeh.
   378 | D        | Became a worshipper of Dithmenos the Shadowed
   391 | D        | Found a viscous altar of Jiyva.
   391 | D        | Found a corrupted altar of Lugonu.
   391 | D        | Noticed a slime creature
   392 | D        | Found a burning altar of Makhleb.
   392 | D        | Found a shimmering altar of Xom.
   394 | D        | Killed a slime creature
   394 | D        | Reached skill level 17 in Stealth
   394 | D        | Reached XP level 7. HP: 47/47 MP: 16/16
   406 | D        | Noticed a kobold demonologist
   407 | D        | Noticed a kobold demonologist
   409 | D        | Reached skill level 18 in Stealth
   411 | D        | Killed a kobold demonologist
   411 | D        | Reached * piety under Dithmenos
   411 | D        | Reached skill level 20 in Stealth
   412 | D        | Killed a kobold demonologist
   412 | D        | Reached skill level 21 in Stealth
   412 | D        | Reached XP level 8. HP: 53/53 MP: 17/17
   434 | D        | Noticed a centaur warrior
   437 | D        | Noticed a centaur warrior
   439 | D        | Killed a centaur warrior
   439 | D        | Reached skill level 23 in Stealth
   441 | D        | Killed a centaur warrior
   441 | D        | Reached ** piety under Dithmenos
   441 | D        | Reached skill level 25 in Stealth
   441 | D        | Reached XP level 9. HP: 58/58 MP: 18/18
   507 | D        | Noticed a deep troll
   509 | D        | Killed a deep troll
   509 | D        | Reached skill level 26 in Stealth
   517 | D        | Found Miuprez's Armour Emporium.
   522 | D        | Bought a +0 pair of gloves for 58 gold pieces
   536 | D        | Noticed Sonja
   539 | D        | Killed Sonja
   539 | D        | Reached skill level 27 in Stealth
   594 | D        | Noticed an oklob plant
   729 | D        | Noticed a demonic crawler
   729 | D        | Noticed a demonic crawler
   729 | D        | Noticed a demonic crawler
   729 | D        | Noticed a demonic crawler
   735 | D        | HP: 2/58 [demonic crawler (5)]
   735 | D        | Slain by a demonic crawler

Skill      XL: |  1  2  3  4  5  6  7  8  9 |
---------------+----------------------------+-----
Stealth        | 6 9 11 12 17 21 25 27 | 27.0
Hexes          | 7 9 11 | 11.3
Spellcasting   | 4 6 |  6.4
Short Blades   | 3 |  3.4
Dodging        | 4 |  4.0
Fighting       | |  0.3

Action                   |  1- 3 |  4- 6 |  7- 9 || total
-------------------------+-------+-------+-------++-------
Melee: Dagger            |    10 |     4 |    12 ||    26
 Cast: Corona            |     1 |       |       ||     1
       Dazzling Spray    |       |       |     3 ||     3
       Ensorcelled Hiber |       |       |     2 ||     2
  Use: Potion            |     1 |       |       ||     1
 Stab: Sleeping          |     1 |     4 |     8 ||    13
       Invisible         |       |       |     1 ||     1
Armor: Robe              |       |       |     2 ||     2
Dodge: Dodged            |     3 |       |     7 ||    10
